 Dungeon Crawl Stone Soup version 0.30-b1-2-g02819fbbbe (webtiles) character file.

Game seed: 14429753496897499207

2563 Alarkh the Martial Artist (level 9, -2/68 HPs)
             Began as a Demonspawn Delver on July 5, 2023.
             Slain by a two-headed ogre
             ... wielding a +0 giant club
              (13 damage)
             ... on level 6 of the Dungeon.
             The game lasted 00:07:37 (5485 turns).

Alarkh the Martial Artist (Demonspawn Delver)       Turns: 5485, Time: 00:07:37

Health: -2/68      AC:  8    Str: 12    XL:     9   Next: 31%
Magic:  9/9        EV: 12    Int: 15    God:
Gold:   358        SH:  0    Dex: 16    Spells: 8/8 levels left

rFire   . .          .
                       - Unarmed
rCold   . . .        (no shield)
rNeg    . . .        a - +0 leather armour
rPois   .            (no helmet)
rElec   .            (no cloak)
rCorr   .            (no gloves)
SInv    .            v - +0 pair of boots "Mucun" {-Tele Drain Regen+ Stlth+}
Will    .....        (no amulet)
Stlth   ++++         (no ring)
HPRegen 1.11/turn    (no ring)
MPRegen 0.11/turn

%: no teleportation
@: studying Armour
A: claws 2, molten scales 2, spiny 1
a: no special abilities


You were on level 6 of the Dungeon.
You visited 2 branches of the dungeon, and saw 7 of its levels.
You also visited: Sewer.

You collected 358 gold pieces.

Inventory:

Hand Weapons
 s - the +1 spear "Peurchet" {heavy, *Rage rPois SInv}
   (You found it on level 2 of the Dungeon)

   rPois:     It protects you from poison.
   SInv:      It lets you see invisible.
   *Rage:     It berserks you when you make melee attacks (+20% chance).
Armour
 a - a +0 leather armour (worn)
 v - the +0 pair of boots "Mucun" (worn) {-Tele Drain Regen+ Stlth+}
   (You found it on level 3 of the Dungeon)

   -Tele:     It prevents most forms of teleportation.
   Regen:     It increases your rate of health regeneration.
   Drain:     It drains your maximum health when unequipped.
   Stlth:     It makes you more stealthy.
Magical Staves
 o - a staff of air
Jewellery
 t - a ring of positive energy
 z - an amulet of magic regeneration
Wands
 f - a wand of digging (1)
Scrolls
 b - 2 scrolls of fog
 c - a scroll of magic mapping
 e - a scroll of butterflies {unknown}
 i - 6 scrolls of enchant weapon {unknown}
 j - 2 scrolls of vulnerability {unknown}
 k - a scroll of enchant armour
 m - 5 scrolls of teleportation {unknown}
 n - a scroll of brand weapon
 p - 3 scrolls of amnesia {unknown}
 q - 3 scrolls of noise
 w - 3 scrolls of identify
 y - 2 scrolls of immolation {unknown}
 A - a scroll of silence
Potions
 d - 4 potions of curing
 g - a potion of attraction
 h - 2 potions of degeneration
 l - a potion of magic
 u - 2 potions of mutation
 x - a potion of lignification
 B - 2 potions of flight


   Skills:
 + Level 5.3 Fighting
 + Level 5.5 Armour
 - Level 1.7 Dodging
 - Level 4.5 Stealth
 * Level 10.3 Unarmed Combat


You had 8 spell levels left.
You didn't know any spells.
Your spell library contained the following spells:

 Spells                   Type           Power      Damage    Failure   Level
 Kiss of Death            Conj/Necr      0%         2d5       34%         1
 Slow                     Hex            0%         N/A       34%         1
 Lesser Beckoning         Tloc           0%         N/A       45%         2
 Confusing Touch          Hex            0%         N/A       71%         3
 Gell's Gravitas          Tloc           0%         N/A       71%         3
 Ozocubu's Armour         Ice            0%         N/A       71%         3
 Teleport Other           Tloc           0%         N/A       71%         3
 Vampiric Draining        Necr           0%         2d6       71%         3
 Dispel Undead            Necr           0%         3d6       98%         4
 Ozocubu's Refrigeration  Ice            0%         4d7       100%        7


Dungeon Overview and Level Annotations

Branches:
Dungeon (6/15)             Temple (1/1) D:5           Sewer (visited)

Altars:
Cheibriados
Dithmenos
Fedhas
Gozag
Hepliaklqana
Kikubaaqudgha
Makhleb
Nemelex Xobeh
Okawaru
Qazlal
Ru
Sif Muna
Vehumet
Wu Jian
Xom
Yredelemnul

Shops:
D:4 =   D:6 (


Innate Abilities, Weirdness & Mutations

You have very sharp fingernails.
You are mostly covered in molten scales. (AC +3)
You are partially covered in sharp spines.


Message History

Your life force feels restored.
Your Fighting skill increases to level 5!
Your Armour skill increases to level 5!
Your Unarmed Combat skill increases to level 10!
You see here a +0 hand axe.
You feel a strong urge to attack something.
You are no longer berserk.
You are exhausted.
You feel yourself slow down.
You start resting.
You feel yourself speed up.
You start resting.
You recover from your berserk rage.
HP restored.
You see here a +0 hand axe.
A two-headed ogre comes into view. It is wielding two +0 giant clubs.
A two-headed ogre is nearby!
The helpless two-headed ogre fails to defend itself.
You mangle the two-headed ogre!!
The two-headed ogre is moderately wounded.
You claw the two-headed ogre!
The two-headed ogre is severely wounded.
The two-headed ogre is struck by your spines.
The two-headed ogre hits you with a +0 giant club!!
The two-headed ogre hits you with a +0 giant club!
* * * LOW HITPOINT WARNING * * *
You are too injured to fight recklessly!
You are too injured to fight recklessly!
You barely miss the two-headed ogre.
The two-headed ogre is severely wounded.
The two-headed ogre completely misses you.
The two-headed ogre hits you with a +0 giant club!
* * * LOW HITPOINT WARNING * * *
You scratch the two-headed ogre but do no damage.
The two-headed ogre is severely wounded.
You scratch the two-headed ogre but do no damage.
The two-headed ogre is severely wounded.
The two-headed ogre closely misses you.
The two-headed ogre hits you with a +0 giant club!
You die...

..........♣♣...♣♣...##
..........♣♣♣.♣♣♣)...#
.......♣♣♣.♣♣.♣♣.♣♣♣.#
........♣♣♣.♣[♣.♣♣♣..#
##.#.##..♣♣♣♣.♣♣♣♣..##
##.#..##.....⌠.......##
.#.##....♣♣♣♣.♣♣♣♣....#
.#.###..♣♣♣.♣.♣O♣♣♣...#
....##.♣♣♣.♣♣.♣♣@♣♣♣..#
..........♣♣♣.♣♣♣.....#
..........♣♣...♣♣.....#
.##.......♣.....♣..#.##
.##.#................#
.#.................###
..........#....#####
#......>.##....#
#........##....#


You could see a two-headed ogre.

Vanquished Creatures
  A skeletal warrior (D:6)
  Sigmund (D:3)
  A shadow (D:5)
  A yak (D:5)
  An acid dragon (D:6)
  An ice beast (D:6)
  3 black bears
  3 ogres
  A phantom (D:5)
  A scorpion (D:6)
  A howler monkey (D:6)
  A jelly (D:4)
  6 hounds
  A gnoll bouda (D:5)
  2 orc priests (D:3)
  3 iguanas
  8 gnolls
  7 river rats
  9 adders
  A white imp (D:6)
  2 worms
  4 dart slugs
  7 orcs
  8 ball pythons
  4 endoplasms
  9 giant cockroaches
  5 hobgoblins
  5 jackals
  2 kobolds (D:2)
  3 quokkas
  9 bats
  5 frilled lizards
  4 goblins
  5 rats
125 creatures vanquished.

Vanquished Creatures (others)
  9 plants (D:5)
9 creatures vanquished.

Grand Total: 134 creatures vanquished

Notes
Turn   | Place    | Note
-------+----------+-------------------------------------------
     0 | D:5      | Alarkh the Demonspawn Delver began the quest for the Orb.
     0 | D:5      | Reached XP level 1. HP: 18/18 MP: 1/1
   138 | D:5      | Reached skill level 2 in Unarmed Combat
   138 | D:5      | Gained mutation: You have sharp fingernails. [demonic
                  | ancestry]
   138 | D:5      | Reached XP level 2. HP: 5/24 MP: 2/2
   381 | D:3      | Found an opulent altar of Gozag.
   381 | D:3      | Found a snail-covered altar of Cheibriados.
   407 | D:2      | Noticed a black bear
   518 | D:1      | Found a faded altar of an unknown god.
   672 | D:1      | Reached skill level 3 in Unarmed Combat
  1126 | D:1      | Gained mutation: You are partially covered in sharp spines.
                  | [demonic ancestry]
  1126 | D:1      | Reached XP level 3. HP: 28/29 MP: 3/3
  1402 | D:2      | Killed a black bear
  1403 | D:2      | Reached skill level 4 in Unarmed Combat
  1403 | D:2      | Reached XP level 4. HP: 10/35 MP: 4/4
  1691 | D:2      | Reached XP level 5. HP: 36/41 MP: 5/5
  1749 | D:2      | Identified the +1 spear "Peurchet" {heavy, *Rage rPois
                  | SInv}
  1892 | D:3      | Noticed Sigmund
  1901 | D:3      | Killed Sigmund
  1902 | D:3      | Reached skill level 5 in Unarmed Combat
  1902 | D:3      | Reached XP level 6. HP: 36/47 MP: 6/6
  1955 | D:3      | Identified the +0 pair of boots "Mucun" {-Tele Drain Regen+
                  | Stlth+}
  2028 | D:3      | Reached skill level 6 in Unarmed Combat
  2616 | D:4      | Reached skill level 7 in Unarmed Combat
  2616 | D:4      | Gained mutation: You have very sharp fingernails. [demonic
                  | ancestry]
  2616 | D:4      | Reached XP level 7. HP: 21/52 MP: 7/7
  2792 | D:4      | Found a shimmering blue altar of Sif Muna.
  2874 | D:4      | Found Viddozir's Jewellery Emporium.
  3001 | D:4      | Found a hazy altar of Hepliaklqana.
  3342 | D:5      | Noticed a shadow
  3350 | D:5      | Killed a shadow
  3351 | D:5      | Reached skill level 8 in Unarmed Combat
  3398 | D:5      | Noticed a yak
  3462 | D:5      | Killed a yak
  3463 | D:5      | Reached skill level 1 in Armour
  3463 | D:5      | Gained mutation: You are partially covered in molten
                  | scales. (AC +2) [demonic ancestry]
  3463 | D:5      | Reached XP level 8. HP: 58/58 MP: 8/8
  3571 | D:5      | Reached skill level 9 in Unarmed Combat
  4036 | D:5      | Found a staircase to the Ecumenical Temple.
  4043 | Temple   | Entered the Ecumenical Temple
  4478 | D:6      | Found Lexuurr's Weapon Boutique.
  4548 | D:6      | Found a glowing drain.
  4561 | Sewer    | Entered a sewer
  5317 | D:6      | Gained mutation: You are mostly covered in molten scales.
                  | (AC +3) [demonic ancestry]
  5317 | D:6      | Reached XP level 9. HP: 53/58 MP: 9/9
  5404 | D:6      | Noticed a skeletal warrior
  5420 | D:6      | Killed a skeletal warrior
  5421 | D:6      | Reached skill level 5 in Fighting
  5421 | D:6      | Reached skill level 5 in Armour
  5421 | D:6      | Reached skill level 10 in Unarmed Combat
  5478 | D:6      | Noticed a two-headed ogre
  5485 | D:6      | Slain by a two-headed ogre

Illustrated notes

Levels and vault maps discovered:
D:1:      dpeg_arrival_arbitrary_b, layout_basic,
          hellmonk_ecumenical_altar_pennies_from_heaven
D:2:      layout_rooms
D:3:      layout_loops_ring, mainiacjoe_overflow_boulevard,
          grunt_temple_overflow_open, uniq_sigmund
D:4:      layout_cave_pods, kennysheep_little_box, nzn_hepliaklqana_mist_gate,
          serial_shops, shop
D:5:      wad_lake_hut, layout_basic, temple_fountains,
          chequers_serial_rivers_micro_c, minmay_misc_feat_nine_boxes,
          minmay_manual_mess
D:6:      layout_rooms, serial_shops, nicolae_shop_bloodbath_and_beyond,
          portal_sewer_entry_b, kb_rosetta
Temple:   dpeg_chambers_temple

Skill      XL: |  1  2  3  4  5  6  7  8  9 |
---------------+----------------------------+-----
Unarmed Combat | 2 3 4 5 7 8 9 10 | 10.3
Armour         | 1 4 5 |  5.5
Fighting       | 4 5 |  5.3
Dodging        | |  1.7
Stealth        | |  4.5

Action                     |  1- 3 |  4- 6 |  7- 9 || total
---------------------------+-------+-------+-------++-------
  Melee: Unarmed           |    85 |    70 |   183 ||   338
         Punch             |       |     2 |    12 ||    14
  Evoke: Wand              |     2 |       |       ||     2
    Use: Potion            |     4 |     2 |     5 ||    11
         Scroll            |     2 |       |     8 ||    10
   Stab: Sleeping          |     4 |     3 |     9 ||    16
         Distracted        |       |       |     1 ||     1
 Armour: Leather armour    |    26 |     9 |    38 ||    73
         Skin              |       |       |    33 ||    33
  Dodge: Dodged            |    43 |    37 |    76 ||   156
